Map: Daybreak LE

Players

Rugi - Winner!

  • Race: Protoss Protoss
  • League: Diamond
  • Spawn Location: 7:00

Loken

  • Race: Zerg Zerg
  • Spawn Location: 1:00

VOD

Have the link to the VOD?

Description

Time

  • Played on: March 11, 2017, 4:48 p.m.
  • Length: 16:59
Show
View Real Time Build Order
Export as new Build Order

Rugi Protoss - Winner!

Build Orders: Oracle Opening 

Get SALT Encoding   

  12  0:01  Probe (Chrono Boost)  
  13  0:11  Probe (Chrono Boost)  
  14  0:18  Pylon  
  14  0:22  Probe (Chrono Boost)  
  15  0:36  Probe (Chrono Boost)  
  15  0:39  Gateway  
  16  0:47  Probe (Chrono Boost)  
  17  0:51  Assimilator  
  17  0:55  Assimilator  
  17  0:57  Probe (Chrono Boost)  
  18  1:08  Probe (Chrono Boost)  
  20  1:18  Probe (Chrono Boost)  
  20  1:25  Cybernetics Core  
  20  1:29  Probe (Chrono Boost)  
  21  1:33  Zealot  
  23  1:41  Pylon  
  23  1:59  Probe (Chrono Boost)  
  24  2:02  Warp Gate  
  24  2:06  Stargate  
  24  2:10  Probe (Chrono Boost)  
  25  2:17  Adept  
  25  2:20  Probe (Chrono Boost)  
  25  2:22  Pylon  
  28  2:31  Probe (Chrono Boost)  
  29  2:42  Probe (Chrono Boost)  
  30  2:49  Nexus  
  30  2:55  Oracle  
  33  2:59  Probe (Chrono Boost)  
  33  3:04  Stalker  
  36  3:09  Probe (Chrono Boost)  
  37  3:20  Probe (Chrono Boost)  
  38  3:30  Gateway  
  38  3:31  Gateway  
  38  3:33  Probe (Chrono Boost)  
  39  3:48  Pylon  
  39  4:01  Probe (Chrono Boost), Void Ray  
  44  4:09  Probe (Chrono Boost)  
  45  4:13  Probe (Chrono Boost)  
  46  4:18  Pylon  
  46  4:20  Mothership Core (Chrono Boost)  
  48  4:28  Sentry  
  50  4:37  Stalker x2  
  46  4:46  Pylon  
  46  4:48  Probe (Chrono Boost)  
  46  4:51  Probe (Chrono Boost)  
  48  4:59  Probe (Chrono Boost)  
  49  5:01  Probe (Chrono Boost)  
  49  5:06  Sentry  
  52  5:07  Zealot  
  52  5:09  Probe (Chrono Boost)  
  55  5:15  Probe (Chrono Boost)  
  55  5:20  Forge, Probe (Chrono Boost)  
  57  5:22  Nexus  
  57  5:23  Twilight Council  
  57  5:24  Pylon  
  57  5:25  Probe (Chrono Boost)  
  56  5:34  Stalker  
  56  5:35  Stalker  
  56  5:37  Zealot  
  56  5:42  Probe x2 (Chrono Boost)  
  60  5:44  Assimilator  
  60  5:46  Assimilator  
  60  5:47  Pylon  
  60  5:53  Probe (Chrono Boost)  
  61  5:57  Photon Cannon  
  61  5:58  Probe (Chrono Boost)  
  61  6:01  Photon Cannon  
  61  6:04  Protoss Ground Weapons Level 1, Probe (Chrono Boost)  
  63  6:08  Blink  
  63  6:12  Probe (Chrono Boost)  
  64  6:21  Stalker  
  64  6:22  Stalker  
  68  6:26  Probe (Chrono Boost)  
  68  6:28  Probe (Chrono Boost)  
  68  6:30  Stalker  
  72  6:35  Probe (Chrono Boost)  
  72  6:38  Probe (Chrono Boost)  
  72  6:39  Probe (Chrono Boost)  
  75  6:40  Assimilator  
  75  6:43  Assimilator  
  75  6:45  Probe (Chrono Boost)  
  76  6:49  Probe (Chrono Boost)  
  76  6:53  Stalker x3  
  83  6:56  Probe x2 (Chrono Boost)  
  85  7:02  Probe (Chrono Boost)  
  86  7:10  Gateway  
  86  7:13  Gateway  
  86  7:15  Gateway  
  86  7:17  Probe (Chrono Boost)  
  86  7:18  Probe (Chrono Boost)  
  86  7:19  Probe (Chrono Boost)  
  89  7:28  Stargate, Probe (Chrono Boost)  
  89  7:29  Probe (Chrono Boost)  
  91  7:30  Stargate, Sentry x2  
  91  7:32  Zealot  
  97  7:42  Fleet Beacon  
  98  7:44  Probe x2 (Chrono Boost)  
  98  7:45  Probe (Chrono Boost)  
  100  7:57  Probe (Chrono Boost)  
  101  8:13  Nexus  
  101  8:16  Pylon  
  101  8:25  Pylon  
  101  8:26  Pylon  
  101  8:30  Pylon  
  101  8:33  Void Ray x2  
  109  8:42  Void Ray  
  109  8:43  Stalker x2  
  109  8:46  Stalker x3, Pylon  
  123  8:49  Pylon  
  121  9:11  Photon Cannon  
  121  9:12  Photon Cannon  
  121  9:13  Probe (Chrono Boost)  
  121  9:14  Photon Cannon  
  121  9:15  Photon Cannon, Probe (Chrono Boost)  
  123  9:18  Carrier  
  123  9:19  Carrier  
  135  9:26  Probe (Chrono Boost)  
  135  9:27  Probe (Chrono Boost)  
  135  9:28  Probe (Chrono Boost)  
  138  9:34  Assimilator  
  138  9:36  Photon Cannon  
  138  9:38  Photon Cannon  
  138  9:42  Photon Cannon  
  138  9:45  Photon Cannon  
  138  9:47  Photon Cannon  
  138  9:53  Photon Cannon  
  138  9:54  Photon Cannon, Pylon  
  138  9:57  Pylon  
  138  10:02  Probe (Chrono Boost)  
  138  10:03  Probe (Chrono Boost)  
  138  10:04  Probe (Chrono Boost)  
  138  10:05  Pylon  
  147  10:19  Robotics Facility  
  142  10:34  Carrier  
  132  10:48  Pylon  
  126  10:50  Pylon  
  126  10:51  Gateway  
  126  10:54  Gateway  
  116  11:12  Zealot x3  
  110  11:31  Carrier x2  
  122  11:33  Probe (Chrono Boost)  
  122  11:36  Assimilator  
  123  11:57  Robotics Facility  
  123  12:08  Nexus  
  123  12:11  Gateway  
  123  12:12  Gateway, Protoss Ground Weapons Level 2  
  123  12:13  Carrier  
  123  12:15  Gateway, Pylon  
  123  12:17  Gateway, Pylon  
  123  12:20  Pylon  
  123  12:22  Stalker x4  
  135  12:23  Stalker  
  139  12:30  Protoss Air Weapons Level 1  
  139  12:46  Carrier  
  139  12:51  Templar Archives  
  139  12:52  Carrier  
  154  13:06  Probe x3 (Chrono Boost)  
  154  13:18  Assimilator, Probe x2 (Chrono Boost)  
  157  13:20  Probe (Chrono Boost)  
  157  13:22  Assimilator  
  157  13:24  Stalker x2  
  161  13:28  Carrier  
  161  13:30  Probe (Chrono Boost)  
  168  13:55  High Templar x5  
  174  13:56  High Templar x2  
  174  13:59  Archon x3  
  182  14:06  Protoss Air Weapons Level 2  
  182  14:07  High Templar  
  184  14:12  Archon  
  184  14:33  Probe (Chrono Boost)  
  184  14:34  Probe (Chrono Boost)  
  184  14:36  Probe (Chrono Boost)  
  187  14:39  Observer  
  188  14:58  Observer  
  189  15:17  Observer  
  189  15:20  Stalker x3  
  189  15:21  Stalker x3  
  194  15:23  Stalker x2  
Show
View Real Time Build Order
Export as new Build Order

Loken Zerg 

Build Orders: Pool First 

Get SALT Encoding   

  12  0:01  Drone  
  13  0:14  Overlord  
  13  0:20  Drone  
  14  0:33  Drone  
  15  0:41  Spawning Pool  
  15  0:42  Drone  
  15  0:47  Drone  
  16  0:51  Drone  
  16  0:55  Extractor  
  16  0:58  Drone  
  17  1:10  Drone  
  18  1:29  Queen  
  20  1:34  Zergling x2  
  20  1:35  Zergling x2  
  22  1:50  Hatchery  
  21  2:05  Drone  
  21  2:07  Overlord x2  
  22  2:09  Metabolic Boost  
  21  2:27  Drone x2  
  23  2:30  Queen  
  25  2:38  Zergling x6  
  28  2:49  Baneling Nest  
  27  2:53  Zergling x4  
  29  3:05  Drone  
  29  3:06  Drone  
  31  3:23  Zergling x10  
  35  3:46  Baneling x2  
  35  3:47  Baneling x4  
  35  3:51  Drone  
  35  3:52  Drone x7  
  37  4:14  Drone  
  37  4:15  Drone x2  
  31  4:40  Zergling x2  
  31  4:41  Zergling x12  
  36  4:51  Roach Warren  
  35  5:05  Drone  
  36  5:07  Overlord x2  
  36  5:08  Overlord x2  
  35  5:23  Queen  
  31  5:39  Extractor  
  30  5:43  Lair  
  30  5:46  Drone  
  30  5:47  Drone x9  
  40  6:07  Spore Crawler  
  40  6:09  Spore Crawler  
  38  6:14  Hatchery  
  37  6:18  Extractor  
  36  6:31  Drone x7  
  43  6:46  Drone x3  
  46  7:07  Hydralisk Den  
  45  7:08  Zergling x2  
  45  7:09  Zergling x12  
  52  7:23  Zergling x6  
  52  7:24  Zergling x10  
  60  7:34  Glial Reconstitution  
  60  7:38  Muscular Augments  
  60  7:43  Extractor  
  59  7:47  Hydralisk  
  59  7:48  Hydralisk x4  
  70  7:51  Zergling x6  
  70  7:53  Zergling x4  
  74  8:05  Overlord  
  74  8:06  Overlord x4  
  74  8:28  Drone  
  74  8:29  Drone x8  
  83  8:42  Overseer  
  83  8:43  Overseer  
  78  9:03  Zergling x20  
  88  9:11  Hydralisk x4  
  96  9:24  Hydralisk x5  
  106  9:45  Hydralisk x3  
  108  9:49  Overlord x9  
  112  10:27  Zergling x2  
  112  10:28  Zergling x20  
  105  10:50  Zergling x18  
  85  11:24  Zergling x2  
  85  11:25  Zergling x20  
  61  11:50  Hydralisk  
  61  11:51  Hydralisk x8  
  79  12:02  Hydralisk  
  79  12:03  Hydralisk x2  
  85  12:11  Hatchery  
  85  12:14  Hatchery  
  83  12:17  Hatchery  
  83  12:18  Hatchery  
  81  12:24  Hydralisk x7  
  81  12:25  Hydralisk x3  
  101  12:46  Hatchery, Roach  
  101  12:47  Roach x5  
  112  12:58  Hatchery  
  112  13:03  Evolution Chamber  
  110  13:06  Evolution Chamber  
  109  13:22  Hydralisk x7  
  109  13:23  Hydralisk  
  123  13:40  Overseer  
  123  13:45  Overseer  
  123  13:48  Pneumatized Carapace  
  123  13:55  Zerg Melee Weapons Level 1, Zerg Missile Weapons Level 1  
  123  14:05  Drone  
  123  14:06  Drone x9  
  123  14:07  Drone x2  
  123  14:08  Drone  
  136  14:29  Overseer x2  
  136  14:54  Hydralisk  
  136  14:55  Hydralisk x9  
  136  14:56  Hydralisk x3  
  77  15:39  Zergling x22  
  77  15:40  Zergling x28  
  77  15:41  Zergling x2  
Tags
 
Add a new tag
Caveats
  • Supply blocks, unpowered buildings, or Contaminate may cause inaccurate times.
  • Supply counts are checked every 10 seconds.